 Dungeon Crawl Stone Soup version 0.31-a0-1074-g0b22e4e0f1 (webtiles) character file.

Game seed: 3826926692018001727

36 bmb222 the Trooper (level 3, -1/29 HPs)
             Began as a Demonspawn Chaos Knight on Nov 27, 2023.
             Was a Plaything of Xom.
             Slain by a worm (5 damage)
             ... on level 2 of the Dungeon.
             The game lasted 00:01:52 (845 turns).

bmb222 the Trooper (Demonspawn Chaos Knight)         Turns: 845, Time: 00:01:53

Health: -1/29      AC: 18    Str: 14    XL:     3   Next: 19%
Magic:  3/3        EV:  7    Int: 13    God:    Xom [.....*]
Gold:   64         SH:  0    Dex: 12    Spells: 2/2 levels left

rFire   . . .        a - +0 falchion (chaos)
rCold   . . .        (no shield)
rNeg    . . .        e - +0 chain mail
rPois   .            g - +1 hat
rElec   .            f - +0 cloak
rCorr   .            c - +0 pair of gloves
SInv    .            (no boots)
Will    .....        (no amulet) Stlth
                     (no ring)
HPRegen 0.24/turn    (no ring)
MPRegen 0.08/turn

%: no passive effects
@: sanguine armoured
A: demonic guardian 1, sanguine armour 1
a: Renounce Religion


You were on level 2 of the Dungeon.
You worshipped Xom.
You were Xom's teddy bear.
You visited 1 branch of the dungeon, and saw 2 of its levels.

You collected 64 gold pieces.

Inventory:

Hand Weapons
 a - a +0 falchion of chaos (weapon)
Missiles
 j - 3 boomerangs
Armour
 b - a +2 leather armour
 c - a +0 pair of gloves (worn)
 e - a +0 chain mail (worn)
 f - a +0 cloak (worn)
 g - a +1 hat (worn)
Scrolls
 d - a scroll of teleportation {unknown}
 h - 4 scrolls of identify {unknown}
 k - a scroll of enchant armour {unknown}
Potions
 i - a potion of brilliance {unknown}
 l - a potion of cancellation {unknown}


   Skills:
 + Level 3.4 Fighting
 + Level 3.3 Long Blades
 * Level 2.2 Armour
 - Level 0.8 Dodging


You had 2 spell levels left.
You didn't know any spells.
Your spell library was empty.

Dungeon Overview and Level Annotations

Branches:
Dungeon (2/15)

Altars:


Innate Abilities, Weirdness & Mutations

A weak demonic guardian rushes to your aid.
When seriously injured, your blood forms armour. (AC +6)


Message History

You kill the goblin!
You hit the giant cockroach. You burn the giant cockroach.
The giant cockroach is severely wounded.
The giant cockroach closely misses you.
You hit the giant cockroach.
You kill the giant cockroach!
h - 4 scrolls labelled WILLEUB ERUP (gained 1)
You see here a +0 dagger.
Found a robe.
You see here a +0 plate armour.
A ball python comes into view.
You closely miss the ball python. The ball python barely misses you.
The ball python grabs you. The ball python constricts you.
You hit the ball python.
Lightning courses through the ball python!
You kill the ball python!
Found a stone staircase leading up.
A worm comes into view.
Found 12 gold pieces.
No target in view!
A worm is nearby!
You barely miss the worm. The worm bites you!
A demonic guardian appears!
You hit the worm.
The worm is poisoned.
The worm is lightly wounded.
The worm bites you but does no damage.
You hit the worm but do no damage.
The worm goes berserk!
You punch the worm.
The worm is moderately wounded.
The worm bites you!
Your blood congeals into armour.
You are too injured to fight recklessly!
You hit the worm but do no damage.
The worm suddenly seems more agile.
Xom thinks this is hilarious!
The worm is moderately wounded.
The worm bites you!
* * * LOW HITPOINT WARNING * * *
A demonic guardian appears!
You hit the worm but do no damage.
The worm is moderately wounded.
The worm bites you.
You die... "It's all fun and games until someone loses an eye."

............#.........
........................
...#...##.#.#..#.......#
...#...................#
........................
...##..##...#..#.......#
..###..................#
.....#...........w...$..
.....####.......@#..#..#
.....# #....##..5.......
..)..# #.........#5.##.#
#.[..###............#
##..........#..<.#..#
............#..........
............#.......###
....................#
....#.####..........#


You could see a worm (berserk, agile, very poisoned, ally target), a friendly
white imp (summoned) and a friendly ufetubus (summoned).

Vanquished Creatures
  A dart slug (D:1)
  4 bats
  7 endoplasms
  3 giant cockroaches
  3 hobgoblins (D:1)
  2 kobolds (D:1)
  A quokka (D:1)
  4 ball pythons
  2 goblins
  2 rats (D:1)
29 creatures vanquished.

Notes
Turn   | Place    | Note
-------+----------+-------------------------------------------
     0 | D:1      | bmb222 the Demonspawn Chaos Knight began the quest for the
                  | Orb.
     0 | D:1      | Reached XP level 1. HP: 18/18 MP: 1/1
     9 | D:1      | XOM: silly message
    96 | D:1      | XOM: butterfly on damage
    97 | D:1      | Gained mutation: When seriously injured, your blood forms
                  | armour. (AC +6) [demonic ancestry]
    97 | D:1      | Reached XP level 2. HP: 14/24 MP: 2/2
   273 | D:1      | XOM: cloud trail
   282 | D:1      | XOM: silly message
   377 | D:1      | XOM: silly message
   492 | D:1      | XOM: silly message
   630 | D:1      | XOM: silly message
   757 | D:2      | Gained mutation: A weak demonic guardian rushes to your
                  | aid. [demonic ancestry]
   757 | D:2      | Reached XP level 3. HP: 25/29 MP: 3/3
   777 | D:2      | XOM: divination: magic mapping
   805 | D:2      | XOM: scenery: 1 doors open
   845 | D:2      | Slain by a worm

Illustrated notes

Levels and vault maps discovered:
D:1:      minmay_arrival_hallway, layout_basic
D:2:      layout_basic, shapermc_ecumenical_altar_mp_highgroup,
          nicolae_elevator_lobby_plus

Skill      XL: |  1  2 |
---------------+-------+-----
Armour         | 2 |  2.2
Long Blades    | 3 |  3.3
Fighting       | |  3.4
Dodging        | |  0.8

Action                     || total
---------------------------++-------
  Melee: Falchion          ||    69
         Punch             ||     2
    Use: Scroll            ||     1
   Stab: Paralysed         ||     2
 Armour: Leather armour    ||    17
         Chain mail        ||    48
  Dodge: Dodged            ||    26

Table legend: (Time is in decaauts)
 A = Elapsed time spent in this place.
 B = Non-inter-level travel time spent in this place.
 C = Inter-level travel time spent in this place.
 D = Time resting spent in this place.
 E = Time spent auto-exploring this place.
 F = Levels seen in this place.
 G = Mean time per level.
                   A        B        C        D        E       F      G
               +--------+--------+--------+--------+--------+-----+--------+
         Total |    855 |    817 |     38 |      0 |    528 |   2 |  427.5 |
       Dungeon |    855 |    817 |     38 |      0 |    528 |   2 |  427.5 |
               +--------+--------+--------+--------+--------+-----+--------+

Top non-repeatable levels by time:
     D:1: 754 daAuts
     D:2: 100 daAuts
